AoeStats
← javierazanza90

Highland

506429042Analyzed
3v3 RM · 17d ago on Sep 13, 2026· 37m 29s· 6 players
Game mode
Random Map
Map size
Normal (6 player)
Population
200
Speed
Normal
Resources
Standard
Victory
Conquest
Starting age
Dark Age
Ending age
Imperial Age
RankedLock teamsTeams togetherTeam positionsShared explorationLock speedFull tech treeHidden civsTurbo modeCheats
Victory
Defeat
🇪🇸 Wei · Spain
585
+16
🇪🇸 Goths · Spain
549
+18
🇪🇸 Chinese · Spain
544
+18
🇮🇳 Bengalis · India
605
-18
🇨🇴 Persians · Colombia
602
-17
🇨🇦 Bulgarians · Canada
570
-17
iNl00K
8:47 Loom
13:37 Feudal Age
14:22 Double-Bit Axe
20:28 Castle Age
21:26 Bow Saw
21:00 Horse Collar
21:45 Gambesons
22:02 Squires
21:49 Arson
24:47 Forging
24:47 Stone Mining
24:47 Gold Mining
31:02 Scale Mail Armor
31:37 Iron Casting
Dr Hitman
11:59 Feudal Age
16:06 Man-at-Arms
18:40 Arson
19:05 Horse Collar
19:14 Double-Bit Axe
26:28 Castle Age
25:24 Gold Mining
25:29 Stone Mining
28:42 Bow Saw
28:36 Heavy Plow
34:04 Gold Shaft Mining
34:13 Husbandry
34:24 Bloodlines
35:32 Light Cavalry
EdgarCarrito
20:00 Loom
Daniel_AoE
3:14 Loom
10:59 Feudal Age
14:32 Bloodlines
23:59 Double-Bit Axe
lursua91
1:43 Loom
11:24 Feudal Age
14:36 Double-Bit Axe
15:34 Fishing Lines
18:46 Fletching
18:56 Padded Archer Armor
23:05 Gold Mining
23:06 Stone Mining
30:43 Castle Age
32:53 Bow Saw
33:20 Gold Shaft Mining
33:21 Stone Shaft Mining
33:03 Gillnets
35:52 Leather Archer Armor
35:33 Bodkin Arrow
35:02 Crossbowman
37:36 Thumb Ring
javierazanza90
0:33 Loom
15:26 Feudal Age
16:09 Double-Bit Axe
16:14 Horse Collar
17:31 Man-at-Arms
20:25 Gold Mining
20:25 Stone Mining
22:12 Forging
22:03 Scale Mail Armor
26:21 Castle Age
28:59 Fishing Lines
29:26 Caravan
31:03 Iron Casting
30:44 Chain Mail Armor
29:53 Long Swordsman
29:54 Pikeman
30:35 Squires
Connection lost

Rejoining the realm…

Still unreachable

The connection could not be restored.

Session expired

The server has moved on; the page needs a fresh start.